 Dungeon Crawl Stone Soup version 0.29-a0-824-gd827844252 (webtiles) character file.

Game seed: 14673608522967787348

80998 buhh the Alchemist (level 15, 0/123 HPs)
             Began as an Octopode Transmuter on July 10, 2022.
             Was a Priest of Cheibriados.
             Constricted to death by Jorgrun (3 damage)
             ... on level 11 of the Dungeon.
             The game lasted 00:39:44 (30860 turns).

buhh the Alchemist (Octopode Transmuter)           Turns: 30860, Time: 00:39:44

Health: 0/123      AC: 13    Str: 23    XL:     15   Next: 68%
Magic:  24/24      EV: 18    Int: 33    God:    Cheibriados [***...]
Gold:   413        SH:  5    Dex: 33    Spells: 3/18 levels left

rFire   x . .      SeeInvis .     - Unarmed
rCold   + + +      Faith    .   (shield currently unavailable)
rNeg    + + .      Spirit   .   (helmet currently unavailable)
rPois   +          Reflect  +   w - amulet of reflection
rElec   +          Harm     .   y - ring "Koev" {rN++ Str+5 Dex+6}
rCorr   +          Rampage  .   I - ring of flight
Will    ++...                   b - ring "Acsies" {rElec rCorr Int+4 Dex+5}
Stlth   +++.......              S - ring of willpower
HPRegen 0.30/turn               (no ring)
MPRegen 0.19/turn               (no ring)
                                (no ring)
                                (no ring)

@: about to teleport, ice-form, grasped by roots, flying, constricted, very slow
A: freezing attack, boosted hp, almost no armour, amphibious, 8 rings, large,
(camouflage 1), (gelatinous body 1), (nimble swimmer 1), (tentacles)
a: End Transformation, Renounce Religion, Bend Time, Temporal Distortion


You were on level 11 of the Dungeon.
You worshipped Cheibriados.
Cheibriados was most pleased with you.
You were a creature of crystalline ice.
You visited 4 branches of the dungeon, and saw 21 of its levels.
You also visited: Gauntlet.

You collected 1962 gold pieces.
You spent 1549 gold pieces at shops.

Inventory:

Hand Weapons
 O - the +3 woodcutter's axe (melded) {vorpal}
   (You found it on level 2 of the Dungeon)

   It inflicts extra damage upon your enemies.
Missiles
 x - 38 poisoned darts
 R - 7 throwing nets
Armour
 E - a +2 hat
Magical Staves
 P - a staff of earth
Jewellery
 b - the ring "Acsies" (on tentacle) {rElec rCorr Int+4 Dex+5}
   (You bought it in a shop on level 12 of the Dungeon)

   [ring of resist corrosion]

   Int:       It affects your intelligence (+4).
   Dex:       It affects your dexterity (+5).
   rElec:     It insulates you from electricity.
   rCorr:     It protects you from acid and corrosion.
 w - an amulet of reflection (around neck)
 y - the ring "Koev" (left front paw) {rN++ Str+5 Dex+6}
   (You bought it in a shop on level 6 of the Dungeon)

   [ring of dexterity]

   Str:       It affects your strength (+5).
   Dex:       It affects your dexterity (+6).
   rN:        It greatly protects you from negative energy.
 I - a ring of flight (right front paw)
 J - an amulet of regeneration
 L - an amulet of the acrobat
 S - a ring of willpower (on tentacle)
Wands
 o - a wand of roots (20)
 A - a wand of digging (4)
 B - a wand of acid (3)
 C - a wand of mindburst (14)
 D - a wand of paralysis (3)
 M - a wand of polymorph (11)
Scrolls
 a - 2 scrolls of identify {!d}
 c - 4 scrolls of teleportation {!d!d}
 d - 4 scrolls of magic mapping {!d}
 f - 5 scrolls of fog
 g - 2 scrolls of amnesia
 h - 6 scrolls of enchant armour
 j - 9 scrolls of enchant weapon
 k - a scroll of torment
 l - 3 scrolls of immolation {!r}
 m - 3 scrolls of noise
Potions
 i - 2 potions of berserk rage {!q}
 n - 2 potions of lignification {!d}
 p - 7 potions of attraction
 q - 2 potions of magic {!d}
 r - 4 potions of cancellation {!q!d}
 s - 2 potions of resistance {!d}
 t - 2 potions of brilliance {!d}
 u - 9 potions of ambrosia {!d}
 v - 5 potions of curing {!d}
 F - 3 potions of mutation {unknown}
 G - 6 potions of might {unknown}
 H - 2 potions of degeneration {unknown}
 N - a potion of invisibility {unknown}
 Q - a potion of flight {unknown}
Miscellaneous
 K - a condenser vane (inert)


   Skills:
 - Level 10.0 Fighting
 - Level 10.0 Dodging
 - Level 2.0 Stealth
 - Level 10.0 Unarmed Combat
 - Level 2.0 Spellcasting
 + Level 17.9 Transmutations
 - Level 5.0 Ice Magic
 - Level 2.0 Poison Magic
 - Level 13.0 Invocations


You had 3 spell levels left.
You knew the following spells:

 Your Spells              Type           Power      Damage    Failure   Level
a - Beastly Appendage     Tmut           100%       N/A       0%          1
b - Wereblood             Tmut           89%        N/A       0%          2
c - Spider Form           Tmut/Pois      62%        N/A       1%          3
d - Ice Form              Ice/Tmut       68%        N/A       1%          4
e - Blade Hands           Tmut           44%        N/A       1%          5

Your spell library contained the following spells:

 Spells                   Type           Power      Damage    Failure   Level
 Sting                    Tmut/Pois      100%       1d8       1%          1
 Passwall                 Tmut/Erth      48%        N/A       1%          2
 Ozocubu's Armour         Ice            36%        N/A       2%          3
 Foxfire                  Conj/Fire      12%        2x1d4     6%          1
 Sandblast                Erth           6%         2d5       6%          1
 Poisonous Vapours        Pois/Air       18%        N/A       6%          2
 Blink                    Tloc           6%         N/A       10%         2
 Conjure Flame            Conj/Fire      3%         6-21      19%         3
 Gell's Gravitas          Tloc           3%         N/A       19%         3
 Inner Flame              Hex/Fire       3%         N/A       19%         3
 Lesser Beckoning         Tloc           3%         N/A       19%         3
 Stone Arrow              Conj/Erth      6%         3d7       19%         3
 Teleport Other           Tloc           3%         N/A       19%         3
 Olgreb's Toxic Radiance  Pois           16%        N/A       28%         4
 Corpse Rot               Necr/Pois/Air  7%         N/A       45%         4
 Animate Dead             Necr           3%         N/A       54%         4
 Flame Wave               Conj/Fire      3%         2d4       54%         4
 Fulminant Prism          Conj/Hex       1%         3d6       54%         4
 Iskenderun's Mystic Bla  Conj/Tloc      3%         2d3       54%         4
 Borgnjor's Vile Clutch   Necr/Erth      1%         N/A       87%         5
 Iskenderun's Battlesphe  Conj           3%         2d6       87%         5
 Lee's Rapid Deconstruct  Erth           1%         3d5*      87%         5
 Manifold Assault         Tloc           3%         N/A       87%         5
 Death Channel            Necr           1%         N/A       100%        6
 Iron Shot                Conj/Erth      1%         9d1       100%        6
 Malign Gateway           Summ/Tloc      1%         N/A       100%        7
 Ozocubu's Refrigeration  Ice            18%        4d8       100%        7
 Spellforged Servitor     Conj/Summ      1%         N/A       100%        7
 Summon Horrible Things   Summ           1%         N/A       100%        8
 Animate Armour           Summ/Erth      Unusable   N/A       N/A         4

Dungeon Overview and Level Annotations

Branches:
Dungeon (12/15) Zot: 40070  Temple (1/1) D:7 Zot: 8773    Lair (6/6) D:8 Zot: 35346
 Shoals (0/4) Lair:4        Snake (0/4) Lair:2        Slime (0/5) Lair:6
    Orc (2/2) D:11 Zot: 12719     Elf (0/3) Orc:2       Gauntlet (visited)

Altars:
Cheibriados
Dithmenos
Fedhas
Hepliaklqana
Kikubaaqudgha
Nemelex Xobeh
Qazlal
Ru
Trog
Xom
Yredelemnul
The Shining One
Jiyva

Shops:
D:10 *   D:11 (   D:12 =   Orc:2 *

Annotations:
D:1 exclusion: 2 downstairs
D:5 exclusion: vampire, Ijyb
D:8 2 transporters
D:10 3 runed translucent doors, jujuben's ghost, journeyman DsHW
D:11 Jorgrun
Lair:4 exclusions: oklob plant and 2 more exclusions
Lair:6 2 transporters, exclusion: ice statue, Igaqag's ghost, journeyman TrMo
Orc:1 1 transporter
Orc:2 1 runed translucent door, om's ghost, journeyman MiBe


Innate Abilities, Weirdness & Mutations

You are a creature of crystalline ice.
You have a powerful freezing melee attack.
Your maximum health is increased.
Your armour is entirely melded.
You are incapable of wielding weapons or throwing items.
You cannot wear most types of armour.
You are amphibious.
You can wear up to eight rings at the same time.
((Your skin changes colour to match your surroundings (Stealth+).))
((Your rubbery body absorbs attacks. (AC +1, EV +1)))
((You are camouflaged when in or above water. (Stealth+)))
((You have tentacles for arms and can constrict up to eight enemies at once.))


Message History

Jorgrun points at you and mumbles some strange words.
The iron shot hits you!! A mysterious force pulls you upwards.
The hatch slams shut behind you.
You pummel Jorgrun!! You freeze Jorgrun.
Jorgrun is moderately wounded.
Jorgrun gestures at you while chanting.
You easily resist.
You closely miss Jorgrun.
Jorgrun is moderately wounded.
You hit Jorgrun but do no damage.
Jorgrun is moderately wounded.
Jorgrun mutters some incantations to himself.
Jorgrun gestures at you while chanting.
Roots burst forth from the earth!
The grasping roots grab you! The grasping roots constrict you.
You barely miss Jorgrun.
Jorgrun is moderately wounded.
Jorgrun hits you but does no damage. The grasping roots constrict you!
You pummel Jorgrun!! You freeze Jorgrun.
Jorgrun is heavily wounded.
Jorgrun gestures next to you while chanting.
The wall shatters!
The blast of rock fragments hits you!! The grasping roots constrict you!
As you read the scroll of fear {!d}, it crumbles to dust.
You assume a fearsome visage.
Jorgrun easily resists.
Jorgrun hits you but does no damage. Jorgrun shatters you.
* * * LOW HITPOINT WARNING * * *
The grasping roots constrict you!!
* * * LOW HITPOINT WARNING * * *
Okay, then.
As you read the scroll of teleportation {!d!d}, it crumbles to dust.
You feel strangely unstable.
Jorgrun points at you and mumbles some strange words.
You easily resist.
The grasping roots constrict you!
* * * LOW HITPOINT WARNING * * *
The roots grasp on you weakens, but your attempt to escape fails.
Jorgrun casts a spell at you. The iron shot misses you.
The grasping roots constrict you.
You die...

#.######<##### ###.##.#
#.##.........######
##......#
#.#...##.###......#
#.......# ...(.....#
######.# #.......#
#.#...#### #.# #......##
#.##.## #.# ##.....#
#(##.# #.# ####.#.###
.#...#
#######.#####......#
###..#
#.....Y.....#.##.### #
##.######.#####g..#.#.##.#
##.............#.....##.#
#
##........#####.......##.#
###.#######.# #.#....###.#
.#.## #.#####.#.#.####.###
#..# #...............⌠[⌠#
#..# #.#######.#.###..∩.#
#..# #...........# #.⌠.⌠#


You could see Jorgrun.

Vanquished Creatures
  Donald (Orc:2)
  Azrael (Orc:2)
  Snorg (Orc:1)
  Harold (Lair:1)
  8 hydras
  An ogre mage (Orc:2)
  9 two-headed ogres
  11 death yaks (Lair:6)
  Urug (D:12)
  Amaemon (Lair:1)
  3 orc knights
  A deep elf pyromancer (D:12)
  A necromancer (Lair:3)
  An orc sorcerer (Orc:2)
  2 cyclopes
  18 elephants
  6 black mambas
  2 torpor snails (Lair:6)
  An orange demon (Lair:1)
  17 cane toads
  6 komodo dragons
  Psyche (D:8)
  An ice devil (Orc:2)
  A rime drake (Lair:6)
  6 trolls
  A queen bee (D:11)
  5 polar bears
  23 blink frogs
  3 tyrant leeches (Lair:6)
  4 slime creatures (D:9)
  2 hornets
  10 dream sheep (Lair:5)
  A spriggan (D:7)
  Sigmund (D:2)
  A shadow (D:10)
  2 wraiths
  6 wyverns
  73 yaks
  5 basilisks
  2 fire bats (Lair:4)
  4 fire elementals (Orc:2)
  5 vampire mosquitoes (Lair:6)
  2 steam dragons (D:8)
  3 wargs
  5 nagas (Lair:2)
  2 hell hounds (Orc:2)
  2 acid dragons
  20 water moccasins
  24 orc warriors
  3 elephant zombies (Lair:3)
  A sky beast (D:6)
  6 black bears
  2 ice beasts
  7 ogres
  32 wolves
  3 phantoms
  7 centaurs
  4 kobold brigands
  19 bullfrogs
  A gnoll sergeant (D:8)
  A scorpion (D:5)
  8 wights
  26 killer bees
  4 howler monkeys (D:9)
  4 electric eels
  A hound (D:4)
  A basilisk zombie (Lair:3)
  21 orc priests
  2 gnoll boudas
  3 iguanas
  Natasha (twice) (D:4)
  15 orc wizards
  7 adders
  30 gnolls
  2 shadow imps
  A white imp (D:7)
  An ufetubus (D:2)
  2 worms
  A dart slug (D:5)
  72 orcs
  4 ball pythons
  5 bats
  3 endoplasms
  2 giant cockroaches
  7 goblins
  7 hobgoblins
  4 jackals
  5 quokkas
  2 frilled lizards
  20 kobolds
  6 rats
662 creatures vanquished.

Vanquished Creatures (others)
  An orc (Orc:2)
  A bush (Lair:4)
  56 fungi
  177 plants
  3 withered plants (Gauntlet)
238 creatures vanquished.

Grand Total: 900 creatures vanquished

Notes
Turn   | Place    | Note
-------+----------+-------------------------------------------
     0 | D:1      | buhh the Octopode Transmuter began the quest for the Orb.
     0 | D:1      | Reached XP level 1. HP: 13/13 MP: 3/3
   110 | D:1      | Reached skill level 1 in Stealth
   174 | D:1      | Reached XP level 2. HP: 17/18 MP: 3/5
   300 | D:1      | Reached skill level 1 in Poison Magic
   615 | D:2      | Reached XP level 3. HP: 13/23 MP: 6/6
  1004 | D:2      | Found the +3 woodcutter's axe {vorpal}
  1041 | D:2      | Found a faded altar of an unknown god.
  1154 | D:2      | Noticed Sigmund
  1249 | D:2      | Reached XP level 4. HP: 9/29 MP: 7/7
  1491 | D:2      | Found a sparkling altar of Nemelex Xobeh.
  1828 | D:2      | Killed Sigmund
  1829 | D:2      | Reached XP level 5. HP: 36/36 MP: 8/8
  1829 | D:2      | Reached XP level 6. HP: 42/42 MP: 9/9
  1980 | D:3      | Learned a level 2 spell: Wereblood
  1984 | D:3      | Learned a level 3 spell: Spider Form
  4432 | D:4      | Reached XP level 7. HP: 34/47 MP: 8/10
  4559 | D:4      | Reached skill level 5 in Unarmed Combat
  4743 | D:4      | Noticed Natasha
  4746 | D:4      | Killed Natasha
  4840 | D:4      | Noticed Natasha
  4859 | D:4      | Killed Natasha
  5642 | D:5      | Entered Level 5 of the Dungeon
  5654 | D:5      | Reached skill level 5 in Dodging
  5813 | D:5      | Noticed a vampire
  5851 | D:5      | Reached XP level 8. HP: 50/54 MP: 8/11
  5896 | D:5      | Reached skill level 5 in Fighting
  6321 | D:4      | Learned a level 4 spell: Ice Form
  7091 | D:6      | Reached skill level 1 in Ice Magic
  7222 | D:6      | Found Xumushrel's CLEARANCE SALE!.
  7227 | D:6      | Bought the ring "Koev" {rN++ Str+5 Dex+6} for 192 gold
                  | pieces
  7227 | D:6      | Bought a scroll of fog for 6 gold pieces
  7227 | D:6      | Bought a scroll of teleportation for 9 gold pieces
  7227 | D:6      | Bought a scroll of identify for 6 gold pieces
  7573 | D:6      | Reached skill level 3 in Transmutations
  7984 | D:5      | Noticed Ijyb
  8267 | D:7      | Reached XP level 9. HP: 57/62 MP: 7/12
  8320 | D:7      | Found a staircase to the Ecumenical Temple.
  8343 | Temple   | Entered the Ecumenical Temple
  8475 | Temple   | Became a worshipper of Cheibriados the Contemplative
  8573 | D:7      | Reached skill level 4 in Transmutations
  8921 | D:7      | Reached skill level 5 in Transmutations
  9343 | D:8      | Noticed Psyche
  9374 | D:8      | Found a blossoming altar of Fedhas.
  9447 | D:8      | Reached skill level 5 in Ice Magic
  9764 | D:8      | Reached * piety under Cheibriados
  9832 | D:8      | Noticed a two-headed ogre
 10129 | D:8      | Found a staircase to the Lair.
 10131 | D:8      | Noticed an elephant
 10146 | D:8      | Killed an elephant
 10189 | D:8      | Found a transporter.
 10358 | D:8      | Found a transporter.
 10446 | D:8      | Reached XP level 10. HP: 68/69 MP: 7/13
 10471 | D:8      | Killed Psyche
 10472 | D:8      | Reached skill level 6 in Transmutations
 10580 | D:8      | Found an ancient bone altar of Kikubaaqudgha.
 10863 | D:8      | You are sucked into a shaft and drop 1 floor!
 10959 | D:9      | Noticed a two-headed ogre
 10973 | D:9      | Killed a two-headed ogre
 11107 | D:9      | Reached skill level 7 in Transmutations
 11132 | D:9      | Reached ** piety under Cheibriados
 11330 | D:9      | Reached XP level 11. HP: 77/77 MP: 9/14
 12543 | D:8      | Killed a two-headed ogre
 12875 | Lair:1   | Entered Level 1 of the Lair of Beasts
 12977 | Lair:1   | Reached skill level 8 in Transmutations
 13562 | Lair:1   | Noticed Amaemon
 13669 | Lair:1   | You are sucked into a shaft and drop 1 floor!
 13896 | Lair:2   | Found a hazy altar of Hepliaklqana.
 13988 | Lair:2   | Noticed a five-headed hydra
 14147 | Lair:2   | Reached *** piety under Cheibriados
 14246 | Lair:2   | Found a staircase to the Snake Pit.
 14313 | Lair:2   | Reached XP level 12. HP: 61/86 MP: 11/15
 14586 | Lair:2   | Reached skill level 9 in Transmutations
 14760 | Lair:2   | Identified the +7 rapier of Duty {vorpal, rPois rF+ Will-}
 14883 | Lair:2   | Reached **** piety under Cheibriados
 15146 | Lair:2   | Reached skill level 1 in Invocations
 15358 | Lair:2   | Killed a five-headed hydra
 15596 | Lair:3   | Reached skill level 10 in Fighting
 15596 | Lair:3   | Reached skill level 10 in Dodging
 15596 | Lair:3   | Reached skill level 10 in Unarmed Combat
 16181 | Lair:3   | Reached skill level 10 in Transmutations
 16786 | Lair:3   | Reached ***** piety under Cheibriados
 16787 | Lair:3   | Reached skill level 5 in Invocations
 17488 | Lair:4   | Reached skill level 11 in Transmutations
 17540 | Lair:4   | Noticed an eight-headed hydra
 17549 | Lair:4   | Killed an eight-headed hydra
 17550 | Lair:4   | Reached XP level 13. HP: 92/92 MP: 14/18
 17958 | Lair:4   | Found a staircase to the Shoals.
 18341 | Lair:5   | Found a gate leading to a gauntlet.
 18370 | Gauntlet | Entered a Gauntlet
 18370 | Gauntlet | Found a transporter.
 18370 | Gauntlet | Found a transporter.
 18370 | Gauntlet | Found a transporter.
 18371 | Gauntlet | Found a transporter.
 18374 | Gauntlet | Found a transporter.
 18379 | Gauntlet | Noticed a reaper
 18384 | Gauntlet | Found a transporter.
 18451 | Gauntlet | Found a transporter.
 18461 | Gauntlet | Found a transporter.
 18477 | Gauntlet | Found a transporter.
 18489 | Gauntlet | Found a transporter.
 18502 | Gauntlet | Found a transporter.
 18508 | Gauntlet | Found a transporter.
 18750 | Lair:5   | Reached skill level 12 in Transmutations
 20026 | Lair:6   | Entered Level 6 of the Lair of Beasts
 20117 | Lair:6   | Reached ****** piety under Cheibriados
 20127 | Lair:6   | Reached skill level 10 in Invocations
 20135 | Lair:6   | Reached skill level 13 in Transmutations
 20222 | Lair:6   | Reached XP level 14. HP: 99/99 MP: 16/22
 20944 | Lair:6   | Found a transporter.
 20972 | Lair:6   | Found a transporter.
 20985 | Lair:6   | Reached skill level 14 in Transmutations
 21447 | Lair:6   | Found a viscous altar of Jiyva.
 21447 | Lair:6   | Found a staircase to the Slime Pits.
 22124 | Lair:6   | Noticed Igaqag's ghost (journeyman TrMo)
 22283 | Lair:6   | Reached skill level 15 in Transmutations
 23696 | Lair:1   | Killed Amaemon
 23752 | Lair:1   | Noticed Harold
 23757 | Lair:1   | Killed Harold
 23758 | Lair:1   | Reached XP level 15. HP: 103/103 MP: 20/24
 24099 | D:10     | Entered Level 10 of the Dungeon
 24199 | D:10     | Found a runed translucent gate.
 24200 | D:10     | Found a runed translucent gate.
 24200 | D:10     | Noticed jujuben's ghost (journeyman DsHW)
 24201 | D:10     | Found a runed translucent gate.
 24501 | D:10     | Found Datefa's Serpentskin Sales.
 24526 | D:10     | Bought a scroll of poison for 45 gold pieces
 24526 | D:10     | Bought a scroll of poison for 45 gold pieces
 25060 | D:11     | Reached skill level 16 in Transmutations
 25933 | D:11     | Found a staircase to the Orcish Mines.
 25985 | D:11     | Found Iwoim's Weapon Boutique.
 26097 | Orc:1    | Entered Level 1 of the Orcish Mines
 26246 | Orc:1    | Found a transporter.
 26907 | Orc:2    | Entered Level 2 of the Orcish Mines
 26907 | Orc:2    | Noticed om's ghost (journeyman MiBe)
 26907 | Orc:2    | Found a runed translucent door.
 26926 | Orc:2    | Noticed Azrael
 26937 | Orc:2    | Killed Azrael
 27438 | Orc:2    | Noticed Snorg
 27541 | Orc:2    | Paralysed by an orc sorcerer for 4 turns
 27849 | Orc:2    | Reached skill level 17 in Transmutations
 28157 | Orc:2    | HP: 6/123 [two-headed ogre/+0 giant club (21)]
 28592 | Orc:1    | Killed Snorg
 28662 | Orc:1    | Found a bloodstained altar of Trog.
 28662 | Orc:1    | Found the +8 Wrath of Trog {antimagic, *Rage Rampage}
 28807 | Orc:1    | Learned a level 5 spell: Blade Hands
 29028 | Orc:2    | Found a staircase to the Elven Halls.
 29626 | Orc:2    | Found Haehureu's General Store.
 29986 | Orc:2    | Noticed Donald
 30041 | Orc:2    | Killed Donald
 30587 | D:12     | Found Jiujollo's Jewellery Shoppe.
 30607 | D:12     | Bought the ring "Acsies" {rElec rCorr Int+4 Dex+5} for 846
                  | gold pieces
 30608 | D:12     | Bought a ring of willpower for 400 gold pieces
 30742 | D:12     | Noticed Urug
 30755 | D:12     | Killed Urug
 30847 | D:12     | Noticed Jorgrun
 30859 | D:11     | HP: 3/123 [constriction (14)]
 30860 | D:11     | Constricted to death by Jorgrun

Illustrated notes

Levels and vault maps discovered:
D:1:      dpeg_arrival_stonehenge_8_columns, layout_rooms
D:2:      layout_basic, hellmonk_ecumenical_altar_dog_temple, basic_altar,
          uniq_sigmund
D:3:      layout_basic
D:4:      layout_basic, hangedman_abyss_or_decor_slice, roderic_lattice_a,
          uniq_natasha
D:5:      layout_basic, uniq_ijyb
D:6:      layout_basic, nicolae_shop_clearance
D:7:      layout_rooms, minmay_temple_entry_wispy, minmay_misc_feat_hallway,
          the_hattery
D:8:      gammafunk_steamed_eel, layout_basic,
          grunt_temple_overflow_growth_and_decay, david_lair_generic,
          uniq_psyche
D:9:      layout_irregular_city
D:10:     layout_loops_ring, gammafunk_ghost_hydra_chop, chequers_arboretum,
          guppyfry_shop_venom
D:11:     layout_loops_ring, orc_0_dummy, serial_shops, shop_fountains,
          special_room [special_room_bee]
D:12:     layout_gridville, gammafunk_ghost_necromancy, serial_shops,
          nicolae_stop_n_shop_2, nicolae_concentric_dashed_squares_wild,
          hangedman_incinerator, uniq_rupert, uniq_nergalle, uniq_urug,
          uniq_jorgrun
Temple:   mainiacjoe_temple_big_plus
Lair:1:   layout_regular_city, infiniplex_staircase_pool, uniq_harold,
          uniq_amaemon
Lair:2:   layout_regular_city, minmay_snake_entry_guardpost_large, basic_altar,
          st_stairs_10, beast_lair_carwin_8
Lair:3:   pond_and_an_island_with_a_cottage, layout_loops_ring,
          serial_bayou_lagoon_b
Lair:4:   minmay_lair_oklob_tunnel, layout_long_grid,
          minmay_shoals_entry_centaurs, serial_forest, infiniplex_forest_end_3,
          infiniplex_forest_end_2, infiniplex_forest_end_double,
          infiniplex_forest_clump_tiny, infiniplex_forest_clump_double,
          infiniplex_forest_straight_2, infiniplex_forest_straight_4,
          nicolae_lair_liquid_snakes
Lair:5:   layout_cave_pods, gauntlet_entry_generic, lemuel_fruit_fields,
          grunt_megastairs_1
Lair:6:   minmay_lair_end_frog_pond, layout_regular_city, slime_entry_1,
          nzn_ghost_randoct, cheibrodos_lair_lostbears
Orc:1:    emtedronai_trogs_sanctum, layout_caves, nicolae_orc_stony_grotto,
          nicolae_orc_flooded_monolith, nicolae_orc_pool_cavern
Orc:2:    pf_orc_diabolical, layout_caves, basic_altar,
          hellmonk_ghost_happy_afterlife, uniq_donald, uniq_snorg, uniq_azrael

Skill      XL: |  1  2  3  4  5  6  7  8  9 10 11 12 13 14 15 |
---------------+----------------------------------------------+-----
Stealth        | 1 2 |  2.0
Poison Magic   | 1 2 |  2.0
Fighting       | 3 4 6 8 9 10 | 10.0
Dodging        | 3 4 5 6 8 9 10 | 10.0
Unarmed Combat | 4 5 6 8 9 10 | 10.0
Ice Magic      | 3 5 |  5.0
Transmutations | 3 5 7 8 11 13 15 17 | 17.9
Invocations    | 6 10 13 | 13.0
Spellcasting   | |  2.0

Action                   |  1- 3 |  4- 6 |  7- 9 | 10-12 | 13-15 || total
-------------------------+-------+-------+-------+-------+-------++-------
Melee: Unarmed           |    38 |    79 |   173 |   413 |   884 ||  1587
       Constrict         |    13 |     7 |    17 |     1 |     5 ||    43
       Kick              |    16 |     4 |     5 |       |       ||    25
       Tentacles         |     8 |     5 |    17 |     2 |     7 ||    39
       Battleaxe         |    14 |    22 |    75 |     4 |     3 ||   118
       Punch             |       |       |     1 |       |     3 ||     4
 Cast: Beastly Appendage |    19 |    13 |    14 |       |       ||    46
       Spider Form       |       |    15 |    31 |     3 |       ||    49
       Wereblood         |       |       |     5 |     7 |    10 ||    22
       Ice Form          |       |       |       |    54 |   105 ||   159
       Blade Hands       |       |       |       |       |     6 ||     6
Invok: Step From Time    |       |       |       |       |     5 ||     5
       Slouch            |       |       |       |       |    11 ||    11
Evoke: Wand              |       |       |     9 |    14 |    17 ||    40
       Condenser vane    |       |       |       |       |     2 ||     2
  Use: Potion            |       |     1 |       |     1 |     5 ||     7
       Scroll            |       |       |     5 |     7 |    15 ||    27
 Stab: Sleeping          |    10 |     3 |     6 |     3 |     5 ||    27
       Distracted        |       |       |     1 |       |       ||     1
Armor: Skin              |     3 |     9 |     6 |   100 |   252 ||   370
Dodge: Dodged            |    24 |    72 |   171 |   291 |   985 ||  1543
Block: Other             |       |       |    31 |    87 |   250 ||   368
       Reflection        |       |       |     1 |     4 |     3 ||     8

Table legend: (Time is in decaauts)
 A = Elapsed time spent in this place.
 B = Non-inter-level travel time spent in this place.
 C = Inter-level travel time spent in this place.
 D = Time resting spent in this place.
 E = Time spent auto-exploring this place.
 F = Levels seen in this place.
 G = Mean time per level.
                   A        B        C        D        E       F      G
               +--------+--------+--------+--------+--------+-----+--------+
         Total |  37710 |  35838 |   1872 |   4404 |  26313 |  22 | 1714.1 |
       Dungeon |  17405 |  16198 |   1207 |   1544 |  12598 |  12 | 1450.4 |
        Temple |    160 |    132 |     28 |      0 |    125 |   1 |  160.0 |
          Lair |  14471 |  14002 |    469 |   1291 |  10524 |   6 | 2411.8 |
  Orcish Mines |   5288 |   5121 |    167 |   1569 |   2745 |   2 | 2644.0 |
      Gauntlet |    385 |    385 |      0 |      0 |    319 |   1 |  385.0 |
               +--------+--------+--------+--------+--------+-----+--------+

Top non-repeatable levels by time:
  Lair:6: 3821 daAuts
   Orc:2: 2777 daAuts
  Lair:5: 2652 daAuts
     D:8: 2526 daAuts
   Orc:1: 2510 daAuts
  Lair:3: 2321 daAuts
  Lair:2: 2302 daAuts
     D:2: 2248 daAuts
     D:4: 1871 daAuts
    D:11: 1722 daAuts
  Lair:1: 1688 daAuts
  Lair:4: 1685 daAuts
     D:6: 1613 daAuts
     D:9: 1601 daAuts
    D:10: 1556 daAuts
